 Dungeon Crawl Stone Soup version 0.17.1-3-g152610e (webtiles) character file.

352 MrTails the Chopper (level 6, -4/38 HPs)
             Began as a Gargoyle Gladiator on Feb 20, 2016.
             Slain by an ogre
             ... wielding a +0 giant club
              (23 damage)
             ... on level 5 of the Dungeon.
             The game lasted 00:06:17 (2663 turns).

MrTails the Chopper (Gargoyle Gladiator)            Turns: 2663, Time: 00:06:17

Health: -4/38      AC: 13    Str: 21      XL:     6   Next: 62%
Magic:  6/6        EV: 11    Int:  7 (8)  God:
Gold:   209        SH:  0    Dex: 10      Spells: 0 memorised, 5 levels left

rFire  + + .     SeeInvis .     a - +0 war axe
rCold  x x .     Clarity  .     w - +0 scale mail
rNeg   + . .     SustAt   .     (no shield)
rPois  ∞         Gourm    .     c - +0 helmet
rElec  +         Spirit   .     o - +0 cloak
rCorr  .         Warding  .     (no gloves)
rMut   .         Stasis   .     (no boots)
MR     .....                    (no amulet)
Stlth  ..........               t - ring of fire
                                n - ring of fire

@: not resistant to hostile enchantments, extremely unstealthy
A: negative energy resistance 1, electricity resistance, unbreathing,
petrification resistance, rot immunity, AC +4
a: no special abilities


You were on level 5 of the Dungeon.
You were not hungry.

You visited 1 branch of the dungeon, and saw 5 of its levels.

You collected 209 gold pieces.

Inventory:

Hand Weapons
 a - a +0 war axe (weapon)
Missiles
 d - 3 throwing nets (quivered)
Armour
 c - a +0 helmet (worn)
 o - a +0 cloak (worn)
 w - a +0 scale mail (worn)
Jewellery
 n - a ring of fire (left hand)
 t - a ring of fire (right hand)
Wands
 r - a wand of cold (7)
Scrolls
 f - 2 scrolls of remove curse
 g - 2 scrolls of fog
 j - 2 scrolls of magic mapping
 p - 2 scrolls of identify
 s - a scroll of fear
Potions
 h - 2 potions of magic {unknown}
 k - 2 potions of heal wounds
 m - 2 potions of curing
Books
 q - a Necronomicon

   Spells                             Type                      Level
   a - Haunt                          Necromancy/Summoning         7
   b - Borgnjor's Revivification      Necromancy                   8
   c - Death's Door                   Charms/Necromancy            8
   d - Necromutation                  Transmutation/Necromancy     8
Comestibles
 b - 3 royal jellies
 e - 6 bread rations
 i - 3 meat rations
 l - 7 fruits


   Skills:
 + Level 3.7 Fighting
 * Level 4.8 Axes
 - Level 1.7 Throwing
 + Level 2.8 Armour
 + Level 3.2 Dodging


You had 5 spell levels left.
You didn't know any spells.

Dungeon Overview and Level Annotations

Branches:
Dungeon (5/15)             Temple (0/1) D:4

Altars:
Cheibriados
Fedhas
Kikubaaqudgha
Qazlal
Yredelemnul


Innate Abilities, Weirdness & Mutations

You are resistant to torment.
Your stone body is resilient (AC +4).
You are immune to poison.
You resist negative energy.
You are resistant to electric shocks.
You can survive without breathing.
You are immune to petrification.
You are immune to rotting.


Message History

You kill the quokka!
No target in view!
No target in view!
You now have 209 gold pieces (gained 7).
You open the door.
There is an open door here.
An ogre comes into view. It is wielding a giant club.
The ogre shouts!
An ogre is nearby!
The ogre hits you but does no damage.
You hit the ogre but do no damage. The ogre hits you with a giant club!
Your scale mail prevents you from hitting the ogre.
The ogre completely misses you.
You hit the ogre but do no damage. The ogre misses you.
You barely miss the ogre. The ogre hits you with a giant club.
You slash the ogre!
The ogre is moderately wounded.
The ogre hits you with a giant club!!
Ouch! That really hurt!
You die...

#### #... #...
#... #...
########
#..O##......#
#...@.......#
..##...........#
...............#
..............#
..##..###'###+#..
# #..#..........
....#..........
.....#..........
..###+#..†.......


You could see an ogre.

Vanquished Creatures
  An ogre (D:4)
  Blork the orc (D:4)
  A hound (D:5)
  Jessica (D:2)
  A centaur skeleton (D:4)
  A worker ant (D:4)
  3 adders
  2 giant geckos
  6 orcs
  4 hobgoblins
  5 jackals
  11 kobolds
  4 quokkas
  4 bats (D:1)
  4 giant cockroaches
  2 giant gecko skeletons
  3 giant newts
  6 goblins
  A jackal skeleton (D:4)
  7 rats
68 creatures vanquished.

Notes
Turn   | Place    | Note
--------------------------------------------------------------
     0 | D:1      | MrTails the Gargoyle Gladiator began the quest for the Orb.
     0 | D:1      | Reached XP level 1. HP: 12/12 MP: 1/1
    71 | D:1      | Reached skill level 3 in Axes
    87 | D:1      | Reached XP level 2. HP: 17/17 MP: 2/2
   466 | D:2      | Reached XP level 3. HP: 20/22 MP: 3/3
   634 | D:2      | Noticed Jessica
   640 | D:2      | Killed Jessica
   640 | D:2      | Reached XP level 4. HP: 23/27 MP: 4/4
   693 | D:2      | Reached skill level 1 in Armour
  1243 | D:3      | Found a basalt altar of Yredelemnul.
  1770 | D:4      | Reached skill level 4 in Axes
  1770 | D:4      | Reached XP level 5. HP: 22/32 MP: 5/5
  1866 | D:4      | Found a staircase to the Ecumenical Temple.
  1893 | D:4      | Found a blossoming altar of Fedhas.
  2032 | D:4      | Found a stormy altar of Qazlal.
  2056 | D:4      | Found an ancient bone altar of Kikubaaqudgha.
  2082 | D:4      | Noticed Blork the orc
  2094 | D:4      | Killed Blork the orc
  2094 | D:4      | Reached XP level 6. HP: 32/37 MP: 6/6
  2100 | D:4      | Found a snail-covered altar of Cheibriados.
  2291 | D:4      | Noticed an ogre
  2296 | D:4      | Killed an ogre
  2460 | D:5      | Entered Level 5 of the Dungeon
  2663 | D:5      | Slain by an ogre

Action                   |  1- 3 |  4- 6 || total
-------------------------+-------+-------++-------
Melee: War axe           |    94 |   135 ||   229
  Use: Scroll            |       |    11 ||    11
       Potion            |       |     4 ||     4
  Eat: Chunk             |       |     6 ||     6
